 Dungeon Crawl Stone Soup version 0.32-a0-612-g1c984fe9d1 (webtiles) character file.

Game seed: 11408835430344292758

20760 Fodor the Cleaver (level 12, -11/108 HPs)
             Began as a Minotaur Fighter on Mar 4, 2024.
             Was an Initiate of Gozag.
             Mangled by a vault guard
             ... wielding a +0 dire flail
              (22 damage)
             ... on level 14 of the Dungeon.
             The game lasted 00:50:45 (11948 turns).

Fodor the Cleaver (Minotaur Fighter)               Turns: 11948, Time: 00:50:45

Health: -11/108    AC: 15    Str: 36    XL:     12   Next: 48%
Magic:  0/11       EV: 18    Int:  5    God:    Gozag
Gold:   1498       SH:  6    Dex: 11    Spells: 11/11 levels left

rFire   . . .        a - +8 war axe "Qeseud" {flame, rElec Str+2}
rCold   . . .        c - +0 buckler
rNeg    . . .        M - +0 swamp dragon scales
rPois   +            (helmet restricted)
rElec   +            w - scarf {+Inv}
rCorr   .            T - +2 pair of gloves {Str+3}
SInv    .            q - +0 pair of boots
Will    .....        l - amulet of guardian spirit
Stlth   +            P - +6 ring of strength
HPRegen 0.38/turn    r - +5 ring of evasion
MPRegen 0.12/turn

%: guardian spirit
@: gold aura
A: horns 2, retaliatory headbutt
a: Renounce Religion, Evoke Invisibility, Potion Petition, Call Merchant, Bribe
Branch


You were on level 14 of the Dungeon.
You worshipped Gozag.
Gozag was most pleased with you.
You visited 2 branches of the dungeon, and saw 15 of its levels.
You also visited: Sewer.

You collected 2129 gold pieces.
You spent 503 gold pieces at shops.
You paid 128 gold pieces to Gozag.

Inventory:

Hand Weapons
 a - the +8 war axe "Qeseud" (weapon) {flame, rElec Str+2}
   (You took it off a gnoll on level 7 of the Dungeon)

   Str+2:     It affects your strength (+2).
   rElec:     It insulates you from electricity.
 t - a +0 orcbow
 A - a +4 flail
 Q - a +2 battleaxe of electrocution
Missiles
 C - 25 boomerangs (quivered)
Armour
 b - a +1 plate armour
 c - a +0 buckler (worn)
 q - a +0 pair of boots (worn)
 w - a scarf of invisibility (worn)
 M - +0 swamp dragon scales (worn)
 T - a +2 pair of gloves of strength (worn)
Jewellery
 e - a ring of protection from fire
 l - an amulet of guardian spirit (around neck)
 o - a ring of protection from fire
 r - a +5 ring of evasion (right hand)
 P - a +6 ring of strength (left hand)
 S - a ring of resist corrosion
 W - a ring of protection from cold
 Y - a ring of positive energy
Talismans
 f - a serpent talisman
 B - a flux talisman
Wands
 k - a wand of paralysis (12)
 x - a wand of mindburst (3)
 I - a wand of warping (15)
 K - a wand of acid (14)
 U - a wand of flame (5)
Scrolls
 h - 3 scrolls of revelation
 i - 6 scrolls of fear
 j - 6 scrolls of teleportation
 m - 3 scrolls of fog
 n - 3 scrolls of blinking
 p - 3 scrolls of noise
 s - a scroll of butterflies
 u - a scroll of brand weapon
 v - a scroll of immolation
 y - a scroll of torment
 z - 2 scrolls of poison
 G - 4 scrolls of vulnerability
Potions
 d - 4 potions of might
 g - 3 potions of curing
 D - a potion of cancellation {unknown}
 E - a potion of haste
 F - 2 potions of enlightenment
 H - 3 potions of invisibility
 J - a potion of lignification
 L - 3 potions of berserk rage
 N - a potion of mutation {unknown}
 O - 2 potions of brilliance
 V - 2 potions of ambrosia
 X - a potion of magic {unknown}
Miscellaneous
 Z - a phial of floods (inert)


   Skills:
 + Level 10.7 Fighting
 + Level 14.4(15.6) Axes
 + Level 10.1(13.6) Maces & Flails
 + Level 2.1 Throwing
 + Level 10.0 Armour
 + Level 6.6 Dodging
 + Level 3.3 Stealth
 + Level 8.2 Shields
 + Level 0.4 Evocations


You had 11 spell levels left.
You didn't know any spells.
Your spell library contained the following spells:

 Spells                   Type           Power      Damage    Failure   Level
 Apportation              Tloc           0%         N/A       58%         1
 Kiss of Death            Conj/Necr      0%         2d5       58%         1
 Necrotise                Necr           0%         1d4       58%         1
 Sandblast                Erth           0%         2d4       58%         1
 Sting                    Conj/Alch      0%         1d3       58%         1
 Summon Small Mammal      Summ           0%         N/A       58%         1
 Blink                    Tloc           0%         N/A       75%         2
 Ensorcelled Hibernation  Hex/Ice        0%         N/A       75%         2
 Lesser Beckoning         Tloc           0%         N/A       75%         2
 Momentum Strike          Conj/Tloc      0%         3d8       75%         2
 Passwall                 Erth           0%         N/A       92%         3
 Stone Arrow              Conj/Erth      0%         3d7       92%         3
 Summon Ice Beast         Ice/Summ       0%         N/A       92%         3
 Swiftness                Air            0%         N/A       92%         3
 Brom's Barrelling Bould  Conj/Erth      0%         2d3       100%        4
 Silence                  Hex/Air        0%         N/A       100%        5
 Summon Mana Viper        Hex/Summ       0%         N/A       100%        5
 Death Channel            Necr           0%         N/A       100%        6
 Monstrous Menagerie      Summ           0%         N/A       100%        7


Dungeon Overview and Level Annotations

Branches:
Dungeon (14/15)            Temple (1/1) D:5            Lair (0/5) D:10
    Orc (0/2) D:9          Vaults (0/5) D:14          Sewer (visited)

Altars:
Ashenzari
Cheibriados
Dithmenos
Elyvilon
Fedhas
Gozag
Hepliaklqana
Kikubaaqudgha
Makhleb
Nemelex Xobeh
Okawaru
Qazlal
Ru
Sif Muna
Trog
Uskayaw
Vehumet
Wu Jian
Xom
Yredelemnul
Zin
The Shining One
Beogh

Shops:
D:3 [   D:5 ?   D:12 ?


Innate Abilities, Weirdness & Mutations

You have a pair of horns on your head.
You reflexively headbutt those who attack you in melee.


Message History

A vault guard comes into view. It is wielding a +0 war axe.
You closely miss the vault guard.
The vault guard hits you with a +0 battleaxe.
You slash the vault guard! You burn the vault guard.
The vault guard is moderately wounded.
The vault guard hits you with a +0 battleaxe!!
* * * LOW HITPOINT WARNING * * *
You barely miss the vault guard. Your headbutt misses the vault guard.
The vault guard is moderately wounded.
The vault guard hits you with a +0 battleaxe!
* * * LOW HITPOINT WARNING * * *
You slash the vault guard! You burn the vault guard.
The vault guard is moderately wounded.
You hit the vault guard. You burn the vault guard. The vault guard misses you.
You hit the vault guard. You burn the vault guard.
Your headbutt misses the vault guard.
The vault guard is heavily wounded.
The vault guard blocks your attack. The vault guard closely misses you.
You furiously retaliate!
You headbutt the vault guard!! You slice the vault guard!!
You burn the vault guard!
You kill the vault guard!
You hit the vault guard. You burn the vault guard.
Your Armour skill increases to level 10!
The vault guard closely misses you.
The vault guard attacks as it pursues you!
The vault guard misses you. You furiously retaliate!
You headbutt the vault guard!
Things that are here:
3 gold pieces; a +0 battleaxe; a +0 chain mail of poison resistance You barely miss the vault guard.
The vault guard blocks your attack. The vault guard misses you.
You furiously retaliate!
You headbutt the vault guard!!
The vault guard hits you with a +2 broad axe!
* * * LOW HITPOINT WARNING * * *
You slash the vault guard! You burn the vault guard.
The vault guard is heavily wounded.
The vault guard blocks your attack.
The vault guard hits you with a +0 dire flail!!
You die...
Your body crumbles into a pile of gold.

.# .# .# ## ###.#
####. #...# .#.#
#.######..####
#.#.)........####
#<#.####..>......
#...pp@pp.#
###.####.## #.#
#... #.# ##....
... $##.# #.# ##
# #.# #.#


You could see 4 vault guards.

Vanquished Creatures
  A sphinx (D:13)
  A vault guard (D:14)
  A boulder beetle (D:12)
  Erica (D:8)
  3 two-headed ogres
  A centaur warrior (D:13)
  The ghost of Sobieck the Geomancer, a novice MDEE of Vehumet (D:9)
  Pikel (D:6)
  A deep elf pyromancer (D:13)
  A cyclops (D:13)
  An ugly thing (D:11)
  2 manticores
  Maggie (D:8)
  Jeremiah (D:8)
  2 unseen horrors (D:13)
  2 komodo dragons
  5 trolls
  Prince Ribbit (D:6)
  4 slime creatures (D:13)
  A wyvern (D:11)
  3 wraiths
  A shadow (D:11)
  7 yaks (D:12)
  2 steam dragons
  7 vampire mosquitoes
  A water moccasin (D:5)
  An acid dragon (D:10)
  An acid dragon (shapeshifter) (D:10)
  3 ice beasts
  7 orc warriors
  2 black bears
  2 laughing skulls (D:13)
  2 wolves (D:10)
  3 ogres
  9 centaurs
  A phantom (D:4)
  2 kobold brigands
  2 brain worms (Sewer)
  3 gnoll sergeants
  2 scorpions (D:6)
  3 wights (D:8)
  11 killer bees (D:8)
  4 electric eels
  5 howler monkeys
  A jelly (D:5)
  8 hounds
  9 orc priests
  5 iguanas
  16 orc wizards
  2 sleepcaps
  20 gnolls
  14 adders
  6 river rats
  2 white imps
  2 ribbon worms
  2 dart slugs
  62 orcs
  6 bats
  8 endoplasms
  2 giant cockroaches
  10 goblins
  11 hobgoblins
  11 jackals
  10 kobolds
  6 quokkas
  12 ball pythons
  4 frilled lizards
  11 rats
356 creatures vanquished.

Notes
Turn   | Place    | Note
-------+----------+-------------------------------------------
     0 | D:1      | Fodor the Minotaur Fighter began the quest for the Orb.
     0 | D:1      | Reached XP level 1. HP: 19/19 MP: 0/0
    58 | D:1      | Reached XP level 2. HP: 27/27 MP: 1/1
   173 | D:1      | Reached skill level 3 in Axes
   316 | D:1      | Reached XP level 3. HP: 30/33 MP: 2/2
  1040 | D:2      | Reached XP level 4. HP: 38/40 MP: 3/3
  2007 | D:3      | Found a white marble altar of Elyvilon.
  2114 | D:3      | Reached skill level 4 in Axes
  2278 | D:3      | Found Buinul Yrui's Antique Armour Emporium.
  2452 | D:3      | Found a basalt altar of Yredelemnul.
  2572 | D:4      | Noticed a phantom
  2576 | D:4      | Reached XP level 5. HP: 42/47 MP: 2/4
  2591 | D:4      | Killed a phantom
  2592 | D:4      | Reached skill level 5 in Axes
  2592 | D:4      | Reached skill level 1 in Dodging
  2599 | D:4      | Reached skill level 5 in Armour
  2601 | D:4      | Reached XP level 6. HP: 6/55 MP: 1/5
  2977 | D:4      | Found a glowing golden altar of the Shining One.
  3069 | D:4      | Reached skill level 5 in Fighting
  3069 | D:4      | Reached skill level 6 in Axes
  3096 | D:4      | HP: 2/56 [orc priest/nerve-wracking pain (10)]
  3289 | D:4      | Found a hide-covered altar of Uskayaw.
  3319 | D:4      | Found a blossoming altar of Fedhas.
  3338 | D:4      | Reached XP level 7. HP: 59/61 MP: 6/6
  3603 | D:5      | Entered Level 5 of the Dungeon
  3663 | D:5      | Found a glowing drain.
  3672 | Sewer    | Entered a sewer
  3746 | Sewer    | Reached skill level 1 in Maces & Flails
  4297 | D:5      | Reached skill level 5 in Shields
  4300 | D:5      | Reached XP level 8. HP: 70/70 MP: 5/7
  4329 | D:5      | You fall into a shaft and drop 2 floors!
  4418 | D:6      | Reached skill level 5 in Maces & Flails
  4467 | D:5      | Found a staircase to the Ecumenical Temple.
  4537 | Temple   | Entered the Ecumenical Temple
  4662 | D:5      | Found Coonory's Magic Scroll Emporium.
  4666 | D:5      | Bought a scroll of identify for 20 gold pieces
  5201 | D:6      | Reached XP level 9. HP: 71/78 MP: 8/8
  5235 | D:6      | Noticed Prince Ribbit
  5252 | D:6      | Killed Prince Ribbit
  5289 | D:6      | Noticed Pikel
  5300 | D:6      | Killed Pikel
  5344 | D:6      | Found a stormy altar of Qazlal.
  5350 | D:6      | Found an opulent altar of Gozag.
  5350 | D:6      | Found an iron altar of Okawaru.
  5352 | D:6      | Became a worshipper of Gozag Ym Sagoz the Greedy
  6010 | D:7      | Found an ornate altar of the Wu Jian Council.
  6266 | D:7      | Identified the +8 war axe "Qeseud" {flame, rElec Str+2}
  6620 | D:8      | Noticed Maggie
  6634 | D:8      | Killed Maggie
  6662 | D:8      | Reached skill level 10 in Maces & Flails
  6879 | D:8      | Reached XP level 10. HP: 73/88 MP: 6/9
  6980 | D:8      | Noticed Jeremiah
  6985 | D:8      | Noticed Erica
  6995 | D:8      | Killed Erica
  6996 | D:8      | Reached skill level 7 in Axes
  7013 | D:8      | Killed Jeremiah
  7014 | D:8      | Reached skill level 8 in Axes
  7777 | D:9      | Found a staircase to the Orcish Mines.
  7801 | D:9      | Found a roughly hewn altar of Beogh.
  7807 | D:9      | Reached skill level 1 in Stealth
  8304 | D:9      | Found a runed translucent gate.
  8322 | D:9      | Found a runed translucent gate.
  8322 | D:9      | Noticed Sobieck's ghost (novice MDEE)
  8323 | D:9      | Found a runed translucent gate.
  8324 | D:9      | Found a roughly hewn altar of Beogh.
  8350 | D:9      | Killed Sobieck's ghost
  8351 | D:9      | Reached skill level 9 in Axes
  8613 | D:10     | Entered Level 10 of the Dungeon
  8613 | D:10     | Noticed a two-headed ogre
  8630 | D:10     | Killed a two-headed ogre
  8631 | D:10     | Reached skill level 10 in Axes
  8652 | D:10     | Reached XP level 11. HP: 36/97 MP: 5/10
  8652 | D:10     | Noticed a two-headed ogre
  8665 | D:10     | Killed a two-headed ogre
  8895 | D:10     | Found a staircase to the Lair.
  9566 | D:11     | Reached skill level 11 in Axes
  9713 | D:11     | Reached skill level 5 in Dodging
  9867 | D:11     | Noticed a purple ugly thing
  9879 | D:11     | Killed a purple ugly thing
 10401 | D:11     | Reached skill level 12 in Axes
 10592 | D:12     | Reached skill level 1 in Throwing
 10716 | D:12     | Noticed a two-headed ogre
 10724 | D:12     | Killed a two-headed ogre
 10725 | D:12     | Reached skill level 10 in Fighting
 10773 | D:12     | Got the Compilation of Carcasses and Misfortune
 10838 | D:12     | Found Ahazofycw's Magic Scroll Shoppe.
 10842 | D:12     | Bought a scroll of identify for 28 gold pieces
 10842 | D:12     | Bought 3 scrolls of blinking for 315 gold pieces
 10842 | D:12     | Bought a scroll of identify for 28 gold pieces
 10842 | D:12     | Bought a scroll of vulnerability for 56 gold pieces
 10842 | D:12     | Bought a scroll of fear for 56 gold pieces
 11071 | D:12     | Noticed a boulder beetle
 11088 | D:12     | Killed a boulder beetle
 11263 | D:12     | Reached XP level 12. HP: 106/106 MP: 11/11
 11309 | D:12     | Reached skill level 13 in Axes
 11829 | D:13     | Noticed a sphinx
 11834 | D:13     | Noticed a centaur warrior
 11840 | D:13     | Noticed a centaur warrior
 11843 | D:13     | Killed a sphinx
 11843 | D:13     | Killed a centaur warrior
 11844 | D:13     | Reached skill level 14 in Axes
 11849 | D:13     | Noticed a fire dragon
 11925 | D:14     | Found a gate to the Vaults.
 11925 | D:14     | Noticed a vault guard
 11925 | D:14     | Noticed a vault guard
 11925 | D:14     | Noticed a vault guard
 11925 | D:14     | Noticed a vault guard
 11925 | D:14     | Noticed a vault guard
 11937 | D:14     | Noticed a vault guard
 11945 | D:14     | Killed a vault guard
 11946 | D:14     | Reached skill level 10 in Armour
 11948 | D:14     | Mangled by a vault guard

Illustrated notes

Levels and vault maps discovered:
D:1:      wheals_arrival_shading, layout_basic, minmay_tetromino_i2
D:2:      layout_basic, grunt_decor_clamped
D:3:      layout_loops_ring, kennysheep_ying_yang, serial_shops,
          nicolae_shop_rolling_square
D:4:      layout_rooms, amcnicky_altar_gilded, mainiacjoe_overflow_tiny_flanked,
          fedhas_altar_2, minmay_circle_x
D:5:      layout_basic, minmay_temple_entry_gardened_gates,
          mainiacjoe_sewer_entry_somewhere_in_here_2, serial_shops,
          kennysheep_mini_moat, st_stairs_6, guppyfry_early_orc_mine
D:6:      layout_rooms, gammafunk_temple_overflow_forgotten,
          nicolae_elevator_lobby_plus, uniq_prince_ribbit1, uniq_pikel
D:7:      layout_loops_ring, mainiacjoe_overflow_catwalk
D:8:      layout_cave_pods, uniq_erica, uniq_maggie, uniq_jeremiah
D:9:      layout_basic, minmay_orc_entry_temple_small,
          biasface_ghost_orc_armoury, chequers_serial_rivers_small_b
D:10:     layout_long_grid, erik_lair_island
D:11:     layout_stronghold, kennysheep_another_room, kennysheep_generic_room_6
D:12:     layout_loops_ring, serial_shops, nicolae_shop_behind_doors
D:13:     layout_gridville, grunt_decor_cap, minmay_the_grid_2x2
          [minmay_the_grid_diamond_grid, minmay_the_grid_expand,
          minmay_the_grid_eight, minmay_the_grid_prize_shrinking_boxes]
D:14:     layout_loops_ring, erik_vaults_2, corexii_leaking_fountain,
          nrook_loot_triangle, uniq_snorg
Temple:   cyrus_circular_temple

Skill      XL: |  1  2  3  4  5  6  7  8  9 10 11 12 |
---------------+-------------------------------------+-----
Fighting       | 4 5 6 7 9 10 | 10.7
Armour         | 4 5 6 7 8 9 10 | 10.0
Axes           | 3 4 5 6 10 12 14 | 14.4
Shields        | 4 5 6 8 |  8.2
Dodging        | 1 2 3 4 6 |  6.6
Maces & Flails | 4 7 10 | 10.1
Stealth        | 2 3 |  3.3
Throwing       | 1 2 |  2.1
Evocations     | |  0.4

Action                     |  1- 3 |  4- 6 |  7- 9 | 10-12 || total
---------------------------+-------+-------+-------+-------++-------
  Melee: War axe           |    85 |   129 |    26 |   356 ||   596
         Headbutt          |     8 |    22 |    45 |    62 ||   137
         Flail             |       |     3 |   278 |       ||   281
  Throw: Boomerang         |       |       |       |    13 ||    13
  Evoke: Wand              |       |       |       |     2 ||     2
         Phial of floods   |       |       |       |     1 ||     1
    Use: Potion            |       |     3 |       |     6 ||     9
         Scroll            |       |       |     9 |    17 ||    26
   Stab: Distracted        |       |       |       |     3 ||     3
 Armour: Scale mail        |    36 |       |       |       ||    36
         Chain mail        |    42 |   115 |   199 |       ||   356
         Skin              |       |     8 |       |       ||     8
         Swamp dragon scal |       |       |    19 |   238 ||   257
  Dodge: Dodged            |    32 |    48 |   163 |   274 ||   517
  Block: Buckler           |    21 |    34 |    66 |    87 ||   208

Table legend: (Time is in decaauts)
 A = Elapsed time spent in this place.
 B = Non-inter-level travel time spent in this place.
 C = Inter-level travel time spent in this place.
 D = Time resting spent in this place.
 E = Time spent auto-exploring this place.
 F = Levels seen in this place.
 G = Mean time per level.
                   A        B        C        D        E       F      G
               +--------+--------+--------+--------+--------+-----+--------+
         Total |  12083 |  11763 |    320 |    566 |   7339 |  16 |  755.2 |
       Dungeon |  11456 |  11136 |    320 |    566 |   7051 |  14 |  818.3 |
        Temple |     27 |     27 |      0 |      0 |      0 |   1 |   27.0 |
         Sewer |    599 |    599 |      0 |      0 |    288 |   1 |  599.0 |
               +--------+--------+--------+--------+--------+-----+--------+

Top non-repeatable levels by time:
     D:2: 1214 daAuts
     D:8: 1129 daAuts
     D:4: 1041 daAuts
    D:11: 1030 daAuts
     D:7: 986 daAuts
    D:12: 936 daAuts
    D:10: 912 daAuts
     D:9: 878 daAuts
     D:5: 834 daAuts
     D:3: 800 daAuts
     D:6: 663 daAuts
     D:1: 602 daAuts
   Sewer: 599 daAuts
    D:13: 358 daAuts
    D:14: 67 daAuts
